Map: Crête de Lerilak

Players

IIIIIIIIIIII

  • Race: Zerg Zerg
  • League: Master

Naffy - Winner!

  • Race: Terran Terran
  • League: Master

VOD

Have the link to the VOD?

Description

Time

  • Played on: Nov. 25, 2015, 2:17 p.m.
  • Length: 13:57
Show
View Real Time Build Order
Export as new Build Order

IIIIIIIIIIII Zerg 

Build Orders: Hatch First, Swarm Host 

Get SALT Encoding   

  12  0:01  Drone  
  13  0:13  Overlord  
  13  0:17  Drone  
  14  0:31  Drone x2  
  16  0:36  Drone  
  17  0:53  Hatchery  
  17  0:55  Drone  
  17  0:59  Drone  
  18  1:09  Extractor  
  17  1:14  Spawning Pool  
  17  1:18  Drone  
  17  1:21  Drone  
  18  1:28  Drone  
  19  1:41  Overlord  
  19  2:02  Queen, Zergling x4  
  19  2:04  Queen  
  19  2:05  Drone  
  26  2:09  Metabolic Boost  
  26  2:12  Drone  
  27  2:17  Drone  
  28  2:24  Drone  
  29  2:31  Zergling x2  
  29  2:38  Queen  
  29  2:40  Queen  
  29  2:44  Drone  
  34  2:45  Zergling x2  
  34  2:47  Drone  
  36  2:55  Overlord  
  36  2:57  Extractor  
  36  2:58  Drone, Extractor  
  34  2:59  Drone  
  38  3:08  Overlord  
  38  3:14  Drone x6  
  44  3:29  Hatchery  
  44  3:30  Drone  
  44  3:31  Drone  
  46  3:34  Drone x2  
  46  3:39  Drone  
  48  3:42  Overlord  
  48  3:49  Queen  
  48  3:50  Queen  
  48  3:54  Extractor  
  51  3:55  Baneling Nest  
  51  4:00  Drone  
  51  4:01  Drone x3  
  48  4:11  Drone  
  48  4:12  Drone  
  50  4:18  Drone x3  
  50  4:22  Drone  
  50  4:23  Drone x5  
  59  4:28  Lair  
  59  4:31  Drone  
  59  4:46  Extractor  
  59  4:48  Evolution Chamber, Drone x3, Overlord  
  59  4:52  Evolution Chamber  
  58  4:53  Spore Crawler  
  58  4:55  Spore Crawler  
  54  5:02  Zergling x12  
  54  5:03  Spore Crawler  
  57  5:09  Zergling x4  
  55  5:17  Drone x3  
  56  5:22  Drone  
  56  5:26  Overseer  
  56  5:28  Drone  
  58  5:39  Drone x6  
  62  5:50  Overlord  
  62  5:53  Drone x3  
  62  5:54  Drone x3  
  68  5:59  Drone x2, Extractor  
  68  6:00  Extractor  
  68  6:02  Zerg Melee Weapons Level 1  
  68  6:08  Drone  
  68  6:09  Drone x2  
  71  6:11  Extractor  
  71  6:18  Zerg Ground Armor Level 1  
  70  6:20  Drone x6  
  76  6:30  Zergling x8  
  76  6:31  Zergling x2  
  75  6:33  Baneling x4  
  75  6:40  Queen x3  
  75  6:43  Drone  
  75  6:45  Overlord  
  82  7:05  Drone x4  
  82  7:06  Drone x2  
  88  7:08  Spire  
  88  7:11  Drone  
  88  7:13  Drone x2  
  88  7:14  Overlord x2  
  88  7:15  Overlord  
  90  7:16  Pneumatized Carapace  
  90  7:31  Hatchery  
  90  7:32  Infestation Pit  
  88  7:37  Drone x2, Overlord  
  88  7:38  Overlord  
  78  8:07  Zergling x30  
  89  8:23  Mutalisk  
  89  8:24  Mutalisk x4  
  96  8:32  Mutalisk x3  
  102  8:35  Queen  
  102  8:36  Queen  
  102  8:39  Zerg Missile Weapons Level 1, Zerg Ground Armor Level 2  
  106  8:43  Hydralisk Den  
  106  8:44  Roach Warren, Swarm Host x4  
  106  8:47  Swarm Host  
  119  8:55  Hatchery  
  118  9:00  Drone  
  118  9:01  Drone x5  
  124  9:06  Drone x4  
  128  9:14  Hive  
  128  9:42  Overlord x4  
  128  9:43  Overlord x2  
  124  9:56  Zerg Flyer Weapons Level 1  
  124  9:57  Muscular Augments  
  124  10:00  Hatchery, Drone x8  
  124  10:05  Extractor  
  130  10:10  Burrow  
  130  10:11  Extractor  
  129  10:15  Spore Crawler  
  129  10:17  Drone x3, Spine Crawler  
  129  10:18  Drone x3  
  133  10:29  Viper x2  
  133  10:30  Viper  
  133  10:31  Overseer  
  133  10:32  Hydralisk x9  
  160  10:38  Hydralisk  
  162  10:46  Hydralisk x7  
  176  10:56  Overlord x5  
  175  11:15  Hydralisk  
  175  11:16  Hydralisk x9  
  194  11:23  Hydralisk x3  
  184  11:38  Hydralisk x5  
  182  11:44  Hydralisk x2  
  170  11:50  Roach x4  
  170  11:55  Zergling x6  
  169  12:14  Roach x8  
  171  12:21  Roach x4  
  171  12:22  Glial Reconstitution  
  176  12:32  Overlord x4  
  176  12:43  Overlord x2  
  176  12:44  Overlord  
  175  12:52  Hydralisk x2  
  171  13:10  Hydralisk x5  
  157  13:17  Zergling x2  
  157  13:18  Zergling x8  
  158  13:26  Zergling x2  
  159  13:27  Zergling x8  
  159  13:33  Zergling x6  
Show
View Real Time Build Order
Export as new Build Order

Naffy Terran - Winner!

Build Orders: Reaper Expand, Hellion Banshee, Mech 

Get SALT Encoding   

  12  0:00  SCV  
  13  0:13  SCV  
  14  0:17  Supply Depot  
  14  0:25  SCV  
  15  0:30  Refinery  
  15  0:38  SCV  
  16  0:45  Barracks  
  16  0:51  SCV  
  17  1:03  SCV  
  18  1:15  SCV  
  19  1:31  Orbital Command  
  19  1:32  Reaper  
  20  1:44  Command Center  
  20  1:55  Factory  
  20  1:59  SCV  
  21  2:07  Barracks Reactor  
  21  2:11  SCV  
  21  2:13  Supply Depot  
  22  2:19  Refinery  
  22  2:23  SCV  
  23  2:42  SCV  
  24  2:47  Starport  
  24  2:55  Hellion x2  
  24  2:56  Orbital Command  
  28  2:59  SCV  
  28  3:01  Barracks Tech Lab  
  29  3:11  SCV  
  30  3:16  Hellion x2  
  34  3:22  Supply Depot  
  34  3:23  SCV  
  34  3:24  SCV  
  36  3:31  Cloaking Field  
  36  3:34  Banshee  
  36  3:36  SCV  
  36  3:38  SCV  
  41  3:46  Hellion  
  41  3:47  Hellion  
  45  3:56  SCV x2  
  46  4:08  SCV x2, Hellion x2  
  52  4:14  Supply Depot  
  52  4:25  SCV x2  
  54  4:32  Command Center  
  54  4:35  Banshee  
  54  4:38  Widow Mine x2  
  57  4:39  Supply Depot  
  57  4:44  Supply Depot  
  61  4:46  SCV  
  62  5:00  SCV x2  
  64  5:13  SCV x2  
  66  5:20  Banshee  
  73  5:21  Hellion x2  
  73  5:25  SCV x2  
  75  5:29  Refinery  
  75  5:30  Refinery  
  75  5:32  Armory  
  75  5:33  Armory  
  75  5:37  SCV x2  
  77  5:42  Barracks Tech Lab  
  77  5:44  Factory  
  77  5:46  Factory  
  77  5:49  SCV, Engineering Bay  
  78  5:54  SCV  
  80  5:59  Hellion, Orbital Command  
  80  6:00  Hellion  
  83  6:11  SCV  
  81  6:40  SCV  
  81  6:41  SCV  
  81  6:43  Hellion x2  
  87  6:50  Starport Reactor  
  87  6:54  Thor, Infernal Pre-Igniter  
  87  7:00  Terran Vehicle And Ship Armor Level 1, Terran Vehicle Weapons Level 1  
  93  7:01  Supply Depot  
  93  7:02  Supply Depot  
  93  7:03  Supply Depot  
  93  7:15  Missile Turret  
  93  7:17  Missile Turret  
  93  7:22  Missile Turret  
  93  7:23  SCV x2, Hellion x2, Siege Tank  
  93  7:27  Supply Depot  
  93  7:28  Missile Turret  
  102  7:35  SCV  
  102  7:36  SCV  
  104  7:43  Missile Turret  
  104  7:45  Hellion  
  104  7:47  SCV  
  104  7:48  SCV  
  104  7:49  Missile Turret  
  108  7:53  Liberator  
  108  7:54  Liberator  
  108  7:56  Missile Turret  
  108  7:58  Orbital Command  
  98  8:09  SCV x2  
  98  8:10  Hellion, Siege Tank  
  98  8:11  Hellion  
  112  8:21  SCV x2  
  112  8:26  SCV  
  115  8:33  SCV x2  
  117  8:36  Hellion x2  
  117  8:37  Siege Tank  
  117  8:38  SCV  
  117  8:39  Supply Depot  
  117  8:40  Supply Depot  
  122  8:42  Refinery  
  122  8:43  Liberator x2  
  122  8:44  Refinery  
  122  8:45  SCV x2  
  124  8:50  SCV  
  125  8:57  Terran Vehicle Weapons Level 2  
  125  8:59  Terran Vehicle And Ship Armor Level 2  
  131  9:03  Supply Depot x2  
  131  9:19  Command Center  
  131  9:23  Command Center  
  130  9:26  SCV  
  130  9:29  Liberator x2  
  134  9:31  Siege Tank  
  134  9:32  Hellion x2  
  134  9:37  Thor  
  144  9:38  SCV  
  144  9:42  Supply Depot  
  144  9:44  Supply Depot  
  149  10:00  Command Center  
  149  10:03  Barracks Reactor  
  149  10:04  Missile Turret  
  149  10:06  Thor, Factory x2  
  155  10:11  Hellion x2  
  159  10:14  Liberator x2  
  159  10:20  Siege Tank  
  162  10:30  Supply Depot  
  162  10:32  Supply Depot x2  
  168  10:39  Planetary Fortress  
  168  10:42  Hellion x2  
  168  11:03  Hellion  
  168  11:04  Hellion  
  157  11:25  Planetary Fortress  
  157  11:27  Siege Tank x2, Factory Reactor  
  157  11:32  Hellion  
  163  11:33  Hellion  
  163  11:37  Factory Tech Lab  
  156  11:54  Hellion x2  
  158  11:59  Siege Tank  
  157  12:12  Siege Tank  
  157  12:13  Siege Tank  
  157  12:14  Hellion x2  
  157  12:15  Hellion  
  150  12:16  Hellion  
  144  12:31  Planetary Fortress, Siege Tank  
  144  12:35  Hellion  
  144  12:36  Hellion x2  
  155  12:37  Hellion  
  149  12:45  Siege Tank x2  
  155  12:57  Hellion x2  
  155  12:58  Hellion x2  
  161  13:03  Siege Tank  
  129  13:17  Siege Tank  
  129  13:18  Hellion  
  129  13:19  Hellion x2  
  134  13:20  Hellion  
  134  13:38  Refinery  
  134  13:40  Missile Turret  
  134  13:41  Refinery, Missile Turret  
Tags
 
Add a new tag
Caveats
  • Supply blocks, unpowered buildings, or Contaminate may cause inaccurate times.
  • Supply counts are checked every 10 seconds.